 Dungeon Crawl Stone Soup version 0.26-a0-663-g36e8fdb655 (webtiles) character file.

Game seed: 9822752309114010315

3628 zazu2006 the Covert (level 10, -3/84 HPs)
             Began as a Naga Hedge Wizard on Oct 12, 2020.
             Was a Follower of Vehumet.
             Splashed by an acid dragon's acid (14 damage)
             ... on level 8 of the Dungeon.
             The game lasted 00:18:18 (11263 turns).

zazu2006 the Covert (Naga Hedge Wizard)            Turns: 11263, Time: 00:18:19

Health: -3/84      AC:  6    Str: 13    XL:     10   Next: 11%
Magic:  19/19      EV: 11    Int: 17    God:    Vehumet [*.....]
Gold:   452        SH:  0    Dex: 11    Spells: 12/21 levels left

rFire    + . .     SeeInvis +   w - +1 falchion (vorpal)
rCold    . . .     Faith    .   (no shield)
rNeg     . . .     Spirit   .   v - +2 robe
rPois    +         Reflect  .   c - +0 hat
rElec    .         Harm     .   E - scarf {shadows}
rCorr    .         Rampage  .   (no gloves)
MR       +....                  (no barding)
Stlth    ++++......             b - amulet of magic regeneration
HPRegen  0.24/turn              h - ring of wizardry
MPRegen  0.41/turn              t - ring of protection from fire

@: very slow
A: large, see invisible, deformed body, poison resistance, slowness 2, spit
poison 1, AC +3
a: Spit Poison, Renounce Religion


You were on level 8 of the Dungeon.
You worshipped Vehumet.
Vehumet was aware of your devotion.
You visited 2 branches of the dungeon, and saw 9 of its levels.

You collected 452 gold pieces.

Inventory:

Hand Weapons
 a - a +0 dagger
 w - a +1 vorpal falchion (weapon)
Missiles
 l - 6 atropa-tipped darts (quivered)
Armour
 c - a +0 hat (worn)
 d - a +0 leather armour
 v - a +2 robe (worn)
 E - a scarf of shadows (worn)
Jewellery
 b - an amulet of magic regeneration (around neck)
 h - a ring of wizardry (left hand)
 t - a ring of protection from fire (right hand)
 x - an uncursed ring of protection from fire
 z - the ring "Uwnunnoimn" {*Corrode rElec SInv Stlth+}
   (You found it on level 5 of the Dungeon)

   [ring of stealth]

   It insulates you from electricity.
   It lets you see invisible.
   It may corrode you when you take damage.
   It makes you more stealthy.
 C - an uncursed amulet of guardian spirit {unknown}
 H - an uncursed ring of wizardry
Wands
 r - a wand of random effects (4)
 y - a wand of acid (20)
 B - a wand of flame (20)
Scrolls
 g - 2 scrolls of teleportation
 k - a scroll of fear
 m - a scroll of enchant weapon
 n - 3 scrolls of identify
 o - a scroll of noise
 D - a scroll of fog
 G - a scroll of magic mapping {unknown}
 I - a scroll of enchant armour {unknown}
Potions
 e - 5 potions of heal wounds {unknown}
 f - a potion of curing {unknown}
 i - 3 potions of degeneration {unknown}
 j - 2 potions of mutation {unknown}
 p - a potion of invisibility {unknown}
 q - a potion of stabbing {unknown}
 s - 2 potions of brilliance {unknown}
 u - 2 potions of lignification {unknown}
 A - a potion of cancellation {unknown}
 F - 2 potions of ambrosia {unknown}


   Skills:
 + Level 3.1 Fighting
 + Level 4.7 Long Blades
 + Level 2.4 Armour
 + Level 4.0 Dodging
 + Level 8.6 Stealth
 + Level 6.4 Spellcasting
 + Level 5.2 Conjurations
   Level 1.0 Summonings
 + Level 1.0 Translocations
 + Level 2.0 Air Magic
 + Level 7.5 Poison Magic
 + Level 0.1 Evocations


You had 12 spell levels left.
You knew the following spells:

 Your Spells              Type           Power        Failure   Level
a - Magic Dart            Conj           ##..         1%          1
b - Mephitic Cloud        Conj/Pois/Air  ##......     1%          3
c - Conjure Flame         Conj/Fire      #.......     5%          3
d - Blink                 Tloc           N/A          4%          2

Your spell library contained the following spells:

 Spells                   Type           Power        Failure   Level
 Freeze                   Ice            #...         4%          1
 Call Imp                 Summ           #.......     4%          2
 Slow                     Hex            #.......     8%          2


Dungeon Overview and Level Annotations

Branches:
Dungeon (8/15)             Temple (1/1) D:5
   Lair: D:8-11

Altars:
Cheibriados
Dithmenos
Hepliaklqana
Kikubaaqudgha
Makhleb
Nemelex Xobeh
Okawaru
Ru
Sif Muna
Trog
Uskayaw
Vehumet
Wu Jian
Xom
Yredelemnul
Zin

Shops:
D:6 (


Innate Abilities, Weirdness & Mutations

You cannot wear boots.
Your serpentine skin is tough. (AC +3)
You have supernaturally acute eyesight. (SInv)
Armour fits poorly on your strangely shaped body.
Your system is resistant to poisons. (rPois)
You cover ground very slowly.
You can spit poison.


Message History

* * * LOW HITPOINT WARNING * * *
Casting: Magic Dart (safe; 1% risk of failure)
Confirm with . or Enter, or press ? or * to list all spells.
Aiming: Magic Dart (safe; 1% risk of failure)
Press: ? - help, Shift-Dir - straight line, f/p - adder
Aim: an adder (almost dead)
You feel a numb sensation.
The magic dart hits the adder.
You kill the adder!
Vehumet accepts your kill.
You feel your power returning.
You have got your breath back.
You see here an arrow.
You see here an adder corpse.
An acid dragon comes into view.
The acid dragon roars!
The acid dragon spits acid at you. The splash of acid hits you!
* * * LOW HITPOINT WARNING * * *
You are splashed with acid!
You die...

.# #. ... .# #. ...
.# ######### ##.#...
o# ........#
#.....### .#
........# #...#.D. .#
........###..#...# )#
......).##..##.[# .#
.....†..##.###.)# ...
....5.((..†.@...#
......###.#########†#
.... #. #.# .. #.##
### #))# ##.# #.# #.#
#.##


You could see an acid dragon (catching breath).

Vanquished Creatures
  Pikel (D:4)
  A troll (D:6)
  Sigmund (D:4)
  Eustachio (D:4)
  A steam dragon (D:6)
  A water moccasin (D:5)
  An ice beast (D:6)
  3 sky beasts
  2 ogres
  A phantom (D:6)
  A black bear (D:6)
  3 centaurs
  2 lemures (D:4)
  3 bullfrogs
  A gnoll sergeant (D:8)
  A scorpion (D:6)
  3 howler monkeys
  A quasit (D:7)
  2 hounds
  2 bullfrog skeletons (D:7)
  An orc priest (D:7)
  A jelly (D:7)
  4 orc wizards
  2 centaur skeletons
  An iguana (D:4)
  Natasha (thrice) (D:3)
  Terence (D:3)
  8 worker ants
  3 hound skeletons
  13 adders
  14 gnolls
  A shadow imp (D:8)
  2 white imps (D:6)
  2 ufetubi (D:6)
  2 oozes
  3 worms
  3 dart slugs
  5 leopard geckos
  25 orcs
  9 bats
  3 giant cockroaches
  4 goblins
  4 hobgoblins
  7 jackals
  4 kobolds
  8 quokkas
  3 ball pythons
  3 frilled lizards
  A jackal zombie (D:6)
  A leopard gecko zombie (D:5)
  6 rats
179 creatures vanquished.

Notes
Turn   | Place    | Note
-------+----------+-------------------------------------------
     0 | D:1      | zazu2006 the Naga Hedge Wizard began the quest for the Orb.
     0 | D:1      | Reached XP level 1. HP: 15/15 MP: 4/4
   190 | D:1      | Reached XP level 2. HP: 15/22 MP: 6/6
   871 | D:1      | Reached XP level 3. HP: 28/28 MP: 5/8
   876 | D:1      | Learned a level 3 spell: Mephitic Cloud
   880 | D:1      | Learned a level 3 spell: Conjure Flame
   883 | D:1      | Learned a level 2 spell: Blink
  1508 | D:2      | Reached XP level 4. HP: 36/36 MP: 8/10
  2322 | D:2      | Reached skill level 1 in Poison Magic
  2322 | D:2      | Reached XP level 5. HP: 39/43 MP: 5/11
  2668 | D:2      | Found a bloodstained altar of Trog.
  3015 | D:2      | Found a burning altar of Makhleb.
  3856 | D:3      | Reached skill level 1 in Armour
  3856 | D:3      | Reached XP level 6. HP: 50/50 MP: 5/12
  4069 | D:3      | Noticed Terence
  4085 | D:3      | Killed Terence
  4085 | D:3      | Reached skill level 4 in Stealth
  4160 | D:3      | Noticed Natasha
  4231 | D:3      | Killed Natasha
  4270 | D:3      | Noticed Natasha
  4278 | D:3      | Killed Natasha
  4322 | D:3      | Noticed Natasha
  4332 | D:3      | Killed Natasha
  4382 | D:4      | Noticed Pikel
  4732 | D:4      | Reached XP level 7. HP: 52/56 MP: 7/14
  4747 | D:4      | Reached skill level 5 in Spellcasting
  4758 | D:4      | Noticed Sigmund
  4996 | D:4      | Killed Sigmund
  4996 | D:4      | Reached skill level 1 in Fighting
  5060 | D:4      | Found a shimmering blue altar of Sif Muna.
  5078 | D:4      | Found a sacrificial altar of Ru.
  5253 | D:4      | Killed Pikel
  5253 | D:4      | Reached skill level 6 in Stealth
  5253 | D:4      | Reached skill level 1 in Air Magic
  5253 | D:4      | Reached XP level 8. HP: 48/64 MP: 6/16
  5633 | D:4      | Reached skill level 5 in Poison Magic
  5774 | D:4      | Noticed Eustachio
  5787 | D:4      | Killed Eustachio
  6072 | D:5      | Entered Level 5 of the Dungeon
  6559 | D:5      | Got a slimy lead ring
  7017 | D:5      | Found a staircase to the Ecumenical Temple.
  7140 | Temple   | Entered the Ecumenical Temple
  7162 | Temple   | Became a worshipper of Vehumet
  7315 | D:5      | Found a hazy altar of Hepliaklqana.
  7690 | D:6      | Reached skill level 1 in Long Blades
  7690 | D:6      | Reached skill level 7 in Stealth
  7690 | D:6      | Reached XP level 9. HP: 66/73 MP: 13/17
  7741 | D:6      | Identified the ring "Uwnunnoimn" {*Corrode rElec SInv
                  | Stlth+} (You found it on level 5 of the Dungeon)
  7753 | D:6      | Found Ugueblut's Antique Weapon Boutique.
  9183 | D:6      | Noticed a troll
  9221 | D:6      | Killed a troll
  9221 | D:6      | Reached skill level 8 in Stealth
  9221 | D:6      | Reached skill level 5 in Conjurations
  9702 | D:7      | Reached * piety under Vehumet
  9702 | D:7      | Offered knowledge of Freeze by Vehumet.
 10916 | D:8      | Reached XP level 10. HP: 69/82 MP: 19/19
 11263 | D:8      | Splashed by an acid dragon's acid

Illustrated notes

Levels and vault maps discovered:
D:1:      dpeg_arrival_rhombi, layout_basic, minmay_split_cup_large
D:2:      layout_basic, old_standard_altar, makhleb_heckhound_becter
D:3:      layout_loops_ring, uniq_natasha, uniq_terence
D:4:      layout_basic, nicolae_overflow_crystal_walls,
          overflow_temple_1_default, uniq_eustachio, uniq_sigmund, uniq_pikel
D:5:      layout_layer_cave, lemuel_round_altar, temple_statues,
          palyth_stone_intersect, serial_park_tiny_1, minivault_14,
          dk_noncrumbling_4, kennysheep_generic_room_7
D:6:      minmay_chambers_of_fours, layout_basic, serial_shops, shop
D:7:      layout_basic, serial_glass, glass_columns_c, glass_columns_c,
          glass_columns_c, glass_columns_b, glass_columns_c, glass_columns_b,
          glass_columns_a, glass_columns_b, glass_columns_a, glass_columns_a,
          glass_columns_a, glass_columns_b, glass_columns_a, glass_columns_b
D:8:      layout_rooms, elyvilon_altar_3
Temple:   eino_wide_crystal_templ

Skill      XL: |  1  2  3  4  5  6  7  8  9 10 |
---------------+-------------------------------+-----
Spellcasting   | 4 5 6 |  6.4
Conjurations   | 2 3 4 5 |  5.2
Poison Magic   | 1 2 3 4 5 7 |  7.5
Dodging        | 2 3 4 |  4.0
Armour         | 1 2 |  2.4
Stealth        | 4 6 7 8 |  8.6
Fighting       | 1 2 3 |  3.1
Air Magic      | 1 2 |  2.0
Long Blades    | 1 4 |  4.7
Summonings     | |  1.0
Translocations | |  1.0
Evocations     | |  0.1

Action                   |  1- 3 |  4- 6 |  7- 9 | 10-12 || total
-------------------------+-------+-------+-------+-------++-------
Melee: Dagger            |    12 |    72 |    53 |       ||   137
       Falchion          |       |       |   235 |    52 ||   287
 Cast: Magic Dart        |    59 |   140 |   101 |     7 ||   307
       Mephitic Cloud    |       |     7 |    35 |     3 ||    45
       Conjure Flame     |       |       |     2 |       ||     2
 Abil: Spit Poison       |     7 |    28 |    25 |     3 ||    63
Evoke: Wand              |       |       |     4 |       ||     4
  Use: Scroll            |       |       |     7 |       ||     7
 Stab: Sleeping          |       |     1 |     8 |       ||     9
       Confused          |       |     6 |    19 |     2 ||    27
       Distracted        |       |       |       |     1 ||     1
Armor: Robe              |     2 |       |    80 |    12 ||    94
       Leather armour    |     4 |    21 |     1 |       ||    26
Dodge: Dodged            |    16 |    49 |   185 |    36 ||   286
       Rpst.: Falchion   |       |       |    46 |    11 ||    57

Table legend: (Time is in decaauts)
 A = Elapsed time spent in this place.
 B = Non-inter-level travel time spent in this place.
 C = Inter-level travel time spent in this place.
 D = Time resting spent in this place.
 E = Time spent auto-exploring this place.
 F = Levels seen in this place.
 G = Mean time per level.
                   A        B        C        D        E       F      G
               +--------+--------+--------+--------+--------+-----+--------+
         Total |  13408 |  12988 |    420 |   1423 |   9387 |   9 | 1489.8 |
       Dungeon |  13356 |  12958 |    398 |   1423 |   9359 |   8 | 1669.5 |
        Temple |     51 |     30 |     21 |      0 |     28 |   1 |   51.0 |
               +--------+--------+--------+--------+--------+-----+--------+

Top non-repeatable levels by time:
     D:2: 2318 daAuts
     D:6: 2239 daAuts
     D:5: 2016 daAuts
     D:3: 1632 daAuts
     D:1: 1612 daAuts
     D:7: 1581 daAuts
     D:4: 1530 daAuts
     D:8: 425 daAuts
  Temple: 51 daAuts
